 Dungeon Crawl Stone Soup version 0.24.0-13-gcf9b319 (webtiles) character file.

Game seed: 724944079671712314, levelgen mode: deterministic

309 Balder the Vandal (level 6, -1/41 HPs)
             Began as a Halfling Hunter on May 3, 2020.
             Slain by an orc priest
             ... wielding a +0 short sword
              (2 damage)
             ... on level 4 of the Dungeon.
             The game lasted 00:11:56 (3346 turns).

Balder the Vandal (Halfling Hunter)                 Turns: 3346, Time: 00:11:57

Health: -1/41      AC: 10    Str: 15    XL:     6   Next: 69%
Magic:  6/6        EV: 10    Int:  9    God:
Gold:   105        SH:  0    Dex: 15    Spells: 5/5 levels left

rFire    . . .     SeeInvis .   b - +0 short sword
rCold    . . .     Gourm    .   (shield restricted)
rNeg     . . .     Faith    .   q - +0 chain mail
rPois    .         Spirit   .   m - +0 helmet
rElec    .         Reflect  .   (no cloak)
rCorr    .         Harm     .   (no gloves)
MR       .....                  (no boots)
Stlth    ..........             (no amulet)
HPRegen  0.13/turn              (no ring)
MPRegen  0.10/turn              (no ring)

@: no status effects
A: small, mutation resistance 1
a: no special abilities


You were on level 4 of the Dungeon.
You were not hungry.

You visited 1 branch of the dungeon, and saw 4 of its levels.

You collected 105 gold pieces.

Inventory:

Hand Weapons
 a - a +1 hunting sling
 b - a +0 short sword (weapon)
 i - a +3 dagger
 u - a +0 hand crossbow
Missiles
 d - 42 sling bullets
 s - 47 stones (quivered)
Armour
 m - a +0 helmet (worn)
 q - a +0 chain mail (worn)
 t - a +0 cloak
Scrolls
 c - a scroll of fog {unknown}
 e - 6 scrolls of identify {unknown}
 g - a scroll of magic mapping {unknown}
 h - a scroll of teleportation {unknown}
 j - a scroll of enchant weapon {unknown}
 k - 4 scrolls of blinking {unknown}
 p - a scroll of remove curse {unknown}
 v - a scroll of noise {unknown}
Potions
 o - a potion of curing {unknown}
 r - a potion of heal wounds
Comestibles
 f - 5 rations


   Skills:
 * Level 2.8 Fighting
 * Level 3.3 Short Blades
 * Level 7.1 Slings
 * Level 2.5 Armour
 * Level 3.0 Dodging
 * Level 2.7 Stealth


You had 5 spell levels left.
You didn't know any spells.
Your spell library was empty.

Dungeon Overview and Level Annotations

Branches:
Dungeon (4/15)
 Temple: D:4-7

Altars:
Ashenzari

Annotations:
D:4 2 transporters, buriedalive's ghost, amateur DECj


Innate Abilities, Weirdness & Mutations

You are small and have problems with some larger weapons.
You are somewhat resistant to further mutation.


Message History

Your chain mail prevents you from hitting the orc priest.
The orc priest is lightly wounded.
The orc priest closely misses you. The orc hits you but does no damage.
You barely miss the orc priest.
The orc priest is lightly wounded.
The orc priest hits you with a +0 short sword.
* * * LOW HITPOINT WARNING * * *
The orc barely misses you.
You hit the orc priest.
The orc priest is moderately wounded.
The orc priest hits you but does no damage.
The orc misses you.
You hit the orc priest but do no damage.
The orc priest is moderately wounded.
The orc priest hits you but does no damage.
The orc closely misses you.
You hit the orc priest.
The orc priest is heavily wounded.
The orc priest hits you with a +0 short sword.
You die...

#..............##...#....###.#
###............##...#.#......##
.##...........###.....#....##.#
................#.............#
............##............#..##
............#.......#......###
###......#.........#####..## #
#..#####....#...##...##..#
##....# ##.####@##.....##.#
#.....# ...##Joo#o..... ###
.#.............wl{..._.. ..
...........)#...... ##
.......)##..... .>.......##...#
. ..........##### .
#.#..........# ###......).###


You could see an orc priest, an ooze, a dart slug, an orc and a frilled lizard.

Vanquished Creatures
  Edmund (D:4)
  A hound (D:4)
  An orc wizard (D:3)
  6 adders
  An ooze (D:2)
  2 worms (D:3)
  2 dart slugs (D:1)
  2 leopard geckos
  An orc (D:3)
  2 ball pythons
  4 giant cockroaches
  6 goblins
  7 hobgoblins
  5 jackals
  4 kobolds
  12 bats
  4 frilled lizards
  A jackal skeleton (D:4)
  A quokka skeleton (D:3)
  2 rats
65 creatures vanquished.

Vanquished Creatures (collateral kills)
  4 orcs
  A frilled lizard (D:3)
5 creatures vanquished.

Vanquished Creatures (others)
  2 orcs
2 creatures vanquished.

Grand Total: 72 creatures vanquished

Notes
Turn   | Place    | Note
-------+----------+-------------------------------------------
     0 | D:1      | Balder the Halfling Hunter began the quest for the Orb.
     0 | D:1      | Reached XP level 1. HP: 14/14 MP: 1/1
    38 | D:1      | Reached skill level 6 in Slings
   121 | D:1      | Reached XP level 2. HP: 16/19 MP: 2/2
   542 | D:1      | Reached XP level 3. HP: 24/24 MP: 3/3
   876 | D:2      | HP: 1/24 [poisoned by an adder]
  1206 | D:2      | Found a faded altar of an unknown god.
  1359 | D:2      | Reached skill level 1 in Short Blades
  1456 | D:2      | Reached XP level 4. HP: 29/29 MP: 4/4
  1593 | D:3      | Reached skill level 1 in Armour
  1657 | D:3      | Reached XP level 5. HP: 29/34 MP: 5/5
  2692 | D:4      | Reached skill level 7 in Slings
  2692 | D:4      | Reached XP level 6. HP: 16/41 MP: 6/6
  2907 | D:4      | Noticed Edmund
  2950 | D:4      | HP: 3/61 [Edmund/+0 antimagic flail (6)]
  2953 | D:4      | Killed Edmund
  3254 | D:4      | Found a transporter.
  3265 | D:4      | Identified the cursed +3 dire flail "Deusunepn" {drain,
                  | Int+3}
  3265 | D:4      | Noticed an ogre
  3265 | D:4      | Noticed buriedalive's ghost (amateur DECj)
  3266 | D:4      | Noticed an ogre
  3271 | D:4      | Found a transporter.
  3315 | D:4      | Found a shattered altar of Ashenzari.
  3343 | D:4      | HP: 1/41 [orc priest/+0 short sword (5)]
  3346 | D:4      | Slain by an orc priest

Levels and vault maps discovered:
D:1:      sevenhm_arrival_forest_fort_small_4, layout_basic
D:2:      layout_basic, chequers_ecumenical_altar_grove
D:3:      layout_rooms
D:4:      layout_cave_pools, lemuel_round_altar, gammafunk_ghost_smash,
          first_ration, uniq_edmund

Skill      XL: |  1  2  3  4  5  6 |
---------------+-------------------+-----
Slings         | 6 7 |  7.1
Short Blades   | 1 2 3 |  3.3
Fighting       | 2 |  2.8
Armour         | 1 2 |  2.5
Stealth        | 2 |  2.7
Dodging        | 3 |  3.0

Action                   |  1- 3 |  4- 6 || total
-------------------------+-------+-------++-------
Melee: Short sword       |    84 |   268 ||   352
 Fire: Hunting sling     |    24 |     4 ||    28
Throw: Stone             |       |     3 ||     3
Evoke: Wand              |       |     3 ||     3
  Use: Potion            |       |     1 ||     1
  Eat: Chunk             |     2 |     6 ||     8
Armor: Leather armour    |    17 |       ||    17
       Chain mail        |    14 |   173 ||   187
Dodge: Dodged            |    60 |   132 ||   192
